 Dungeon Crawl Stone Soup version 0.28.0-53-g5a82cb258f (webtiles) character file.

Game seed: 7905033461339778930

5930 Gabide the Tainter (level 11, -11/75 HPs)
             Began as a Formicid Venom Mage on June 14, 2022.
             Was a Follower of Vehumet.
             Mangled by a six-headed hydra (13 damage)
             ... on level 8 of the Dungeon.
             The game lasted 00:23:58 (13119 turns).

Gabide the Tainter (Formicid Venom Mage)           Turns: 13119, Time: 00:23:59

Health: -11/75     AC:  9    Str: 16    XL:     11   Next: 9%
Magic:  20/20      EV: 13    Int: 19    God:    Vehumet [*.....]
Gold:   492        SH:  0    Dex: 17    Spells: 15/22 levels left

rFire   . . .      SeeInvis +   p - +2 hand axe (elec)
rCold   . . .      Faith    .   (no shield)
rNeg    + . .      Spirit   .   C - +0 robe of the Gate {+Blink rN+ Str+3 Stlth+}
rPois   .          Reflect  .   (helmet unavailable)
rElec   .          Harm     .   b - +1 cloak
rCorr   .          Rampage  .   i - +0 pair of gloves
Will    +....                   (no boots)
Stlth   +++.......              B - amulet of magic regeneration
HPRegen 0.22/turn               d - +6 ring of dexterity
MPRegen 0.57/turn               v - +4 ring of protection

@: no status effects
A: permanent stasis, dig shafts and tunnels, antennae 3, four strong arms
a: Dig, Shaft Self, Renounce Religion


You were on level 8 of the Dungeon.
You worshipped Vehumet.
Vehumet was aware of your devotion.
You visited 2 branches of the dungeon, and saw 9 of its levels.

You collected 492 gold pieces.

Inventory:

Hand Weapons
 l - a +1 dagger of venom
 p - a +2 hand axe of electrocution (weapon)
Armour
 a - the +2 ring mail "Jeegav" {Contam rElec rPois}
   (You found it on level 5 of the Dungeon)

   rElec:     It insulates you from electricity.
   rPois:     It protects you from poison.
   Contam:    It causes magical contamination when unequipped.
 b - a +1 cloak (worn)
 e - a +0 leather armour
 i - a +0 pair of gloves (worn)
 u - a scarf of repulsion
 C - the +0 robe of the Gate (worn) {+Blink rN+ Str+3 Stlth+}
   (You found it on level 7 of the Dungeon)

   Str:       It affects your strength (+3).
   rN:        It protects you from negative energy.
   +Blink:    It lets you blink.
   Stlth:     It makes you more stealthy.
Jewellery
 d - a +6 ring of dexterity (left hand)
 v - a +4 ring of protection (right hand)
 B - an amulet of magic regeneration (around neck)
 H - an amulet of faith
Wands
 j - a wand of flame (15)
 s - a wand of iceblast (12)
 E - a wand of charming (3)
 G - a wand of polymorph (3)
 J - a wand of mindburst (21) (quivered)
Scrolls
 c - 3 scrolls of fog
 f - a scroll of amnesia
 g - 4 scrolls of identify {unknown}
 h - 2 scrolls of teleportation {unknown}
 q - a scroll of fear {unknown}
 t - a scroll of enchant weapon {unknown}
 x - a scroll of torment {unknown}
 y - a scroll of acquirement {unknown}
 D - a scroll of brand weapon {unknown}
 I - a scroll of blinking {unknown}
Potions
 k - 4 potions of cancellation
 m - 2 potions of heal wounds {unknown}
 n - 5 potions of lignification {unknown}
 o - a potion of attraction {unknown}
 r - 2 potions of might {unknown}
 w - 3 potions of brilliance {unknown}
 z - 2 potions of mutation {unknown}
 A - a potion of haste {unknown}


   Skills:
 - Level 3.0 Fighting
 - Level 2.0 Short Blades
 - Level 6.0 Axes
 - Level 3.0 Armour
 - Level 3.0 Dodging
 - Level 3.0 Stealth
 + Level 6.3 Spellcasting
 * Level 9.5 Transmutations
 * Level 11.9 Poison Magic


You had 15 spell levels left.
You knew the following spells:

 Your Spells              Type           Power      Damage    Failure   Level
a - Sting                 Tmut/Pois      100%       1d8       1%          1
b - Olgreb's Toxic Radia  Pois           50%        N/A       1%          4
c - Poisonous Vapours     Pois/Air       56%        N/A       1%          2

Your spell library contained the following spells:

 Spells                   Type           Power      Damage    Failure   Level
 Freeze                   Ice            24%        1d5       11%         1
 Mephitic Cloud           Conj/Pois/Air  21%        N/A       6%          3
 Shock                    Conj/Air       24%        1d4       11%         1
 Airstrike                Air            3%         N/A       71%         4
 Swiftness                Air            Unusable   N/A       N/A         3

Dungeon Overview and Level Annotations

Branches:
Dungeon (8/15)             Temple (0/1) D:7            Lair (1/6) D:8

Altars:
Ashenzari
Dithmenos
Elyvilon
Fedhas
Gozag
Hepliaklqana
Kikubaaqudgha
Sif Muna
Uskayaw
Vehumet


Innate Abilities, Weirdness & Mutations

You cannot be hasted, slowed, berserked, paralysed or teleported.
You can dig through walls and to a lower floor.
You have a pair of large antennae on your head. (SInv)
Your four strong arms can wield two-handed weapons with a shield.


Message History

The six-headed hydra roars!
The six-headed hydra's minds are blasted!
The six-headed hydra's minds are blasted!
The six-headed hydra easily resists.
You hear an angry growl.
You hear a croak.
The six-headed hydra easily resists.
The six-headed hydra easily resists.
A cane toad comes into view.
The six-headed hydra easily resists.
The six-headed hydra easily resists.
The six-headed hydra bites you but does no damage.
The six-headed hydra closely misses you.
The six-headed hydra bites you. x2
The six-headed hydra bites you but does no damage.
The six-headed hydra bites you.
The six-headed hydra easily resists.
The six-headed hydra barely misses you. The six-headed hydra bites you!
The six-headed hydra bites you but does no damage.
The six-headed hydra bites you. The six-headed hydra misses you.
The six-headed hydra bites you!
You see here a rime drake skeleton.
You see here a wyvern corpse.
There is a staircase back to the Dungeon here.
The six-headed hydra's minds are blasted!
The six-headed hydra bites you but does no damage.
The six-headed hydra closely misses you.
The six-headed hydra barely misses you. The six-headed hydra bites you!
The six-headed hydra bites you but does no damage.
The six-headed hydra bites you!
You climb upwards.
Welcome back to the Dungeon!
There is a staircase to the Lair here.
The six-headed hydra bites you but does no damage.
The six-headed hydra bites you!
* * * LOW HITPOINT WARNING * * *
The six-headed hydra barely misses you. The six-headed hydra bites you.
* * * LOW HITPOINT WARNING * * *
The six-headed hydra bites you!
* * * LOW HITPOINT WARNING * * *
The six-headed hydra bites you!
You die...

#.##### ######.........
#)#...#######...##.#######.
#######'#..#...≈...#..##.........
.............#...#....##.........
............##P..##...##.........
..........#..P..P...#.##.#.......
..........#≈.PP>PP.≈#.##.#..####.
..........#...PPD...#..#.#..#....
............##P.@##....#.#..#.##.
.............#...#.......#..#.##.
...........#...≈...#..##.#..#.##.
............#######...##.#.......
##########.......(.......#.##.#..
##..........##....#.....
#....########.......... #....#
#......###> #....# #.....#....


You could see a six-headed hydra.

Vanquished Creatures
  2 two-headed ogres
  Pikel (D:4)
  An unseen horror (D:8)
  A rime drake (Lair:1)
  A troll (D:8)
  A shadow (D:6)
  A wyvern (Lair:1)
  Grum (D:8)
  Eustachio (D:5)
  A steam dragon (D:8)
  5 water moccasins
  An ice beast (D:5)
  2 necrophages (D:6)
  A sky beast (D:7)
  A hornet zombie (D:6)
  2 ogres (D:5)
  3 wolves (D:8)
  A centaur (D:6)
  4 lemures
  2 phantoms (D:7)
  A bullfrog (D:7)
  A scorpion (D:6)
  A water moccasin zombie (D:7)
  6 killer bees (D:8)
  3 wights
  2 bullfrog zombies
  3 jellies
  3 orc priests
  A centaur skeleton (D:5)
  4 iguanas
  2 orc wizards
  A hound zombie (D:5)
  Robin (D:4)
  A howler monkey zombie (D:6)
  3 gnolls (D:4)
  11 adders
  A white imp (D:6)
  2 ufetubi
  An adder skeleton (D:4)
  3 worms
  22 orcs
  4 endoplasms
  2 giant cockroaches
  7 hobgoblins
  5 jackals (D:2)
  4 kobolds
  3 quokkas
  9 ball pythons
  3 bats
  A frilled lizard (D:1)
  13 goblins
  4 rats
161 creatures vanquished.

Vanquished Creatures (others)
  A hound skeleton (D:5)
  A quokka (D:8)
  48 plants
50 creatures vanquished.

Grand Total: 211 creatures vanquished

Notes
Turn   | Place    | Note
-------+----------+-------------------------------------------
     0 | D:1      | Gabide the Formicid Venom Mage began the quest for the Orb.
     0 | D:1      | Reached XP level 1. HP: 13/13 MP: 3/3
   105 | D:1      | Found a faded altar of an unknown god.
   492 | D:1      | Reached XP level 2. HP: 19/19 MP: 3/5
  1136 | D:1      | Reached XP level 3. HP: 12/24 MP: 0/6
  1313 | D:2      | You fall into a shaft and drop 1 floor!
  2171 | D:2      | Reached XP level 4. HP: 28/30 MP: 2/7
  2438 | D:2      | Reached skill level 5 in Poison Magic
  3296 | D:3      | Reached XP level 5. HP: 30/35 MP: 1/9
  3417 | D:3      | Learned a level 4 spell: Olgreb's Toxic Radiance
  3890 | D:4      | Noticed Robin
  3903 | D:4      | Reached skill level 1 in Short Blades
  3908 | D:4      | Killed Robin
  4560 | D:4      | Reached XP level 6. HP: 35/41 MP: 5/10
  4802 | D:4      | Learned a level 2 spell: Poisonous Vapours
  4808 | D:4      | Reached skill level 6 in Poison Magic
  4844 | D:4      | Found a hazy altar of Hepliaklqana.
  5557 | D:5      | Entered Level 5 of the Dungeon
  5561 | D:5      | Noticed Eustachio
  5643 | D:5      | Killed Eustachio
  5644 | D:5      | Reached XP level 7. HP: 13/46 MP: 1/12
  6512 | D:5      | Reached skill level 1 in Fighting
  6513 | D:5      | Reached skill level 1 in Axes
  6563 | D:5      | Identified the +2 ring mail "Jeegav" {Contam rElec rPois}
  6570 | D:5      | Noticed Pikel
  7088 | D:4      | Killed Pikel
  7089 | D:4      | Reached XP level 8. HP: 33/58 MP: 7/13
  7242 | D:5      | Reached skill level 5 in Axes
  7316 | D:5      | Found a blossoming altar of Fedhas.
  7774 | D:5      | Reached skill level 7 in Poison Magic
  8091 | D:5      | Reached XP level 9. HP: 49/63 MP: 4/14
  8214 | D:6      | Found a radiant altar of Vehumet.
  8229 | D:6      | Became a worshipper of Vehumet
  8320 | D:6      | Reached skill level 5 in Transmutations
  8388 | D:6      | Found a shadowy altar of Dithmenos.
  8491 | D:6      | Noticed a two-headed ogre
  8514 | D:6      | Killed a two-headed ogre
  8515 | D:6      | Reached skill level 8 in Poison Magic
  8721 | D:6      | Found an ancient bone altar of Kikubaaqudgha.
  9088 | D:6      | Reached skill level 1 in Armour
  9177 | D:6      | Reached skill level 9 in Poison Magic
  9883 | D:6      | Reached XP level 10. HP: 40/70 MP: 3/17
 10032 | D:6      | Found a hide-covered altar of Uskayaw.
 10146 | D:7      | Identified the +0 robe of the Gate {+Blink rN+ Str+3
                  | Stlth+}
 10259 | D:7      | Reached skill level 5 in Spellcasting
 10360 | D:7      | Found a staircase to the Ecumenical Temple.
 10627 | D:7      | Found an opulent altar of Gozag.
 11177 | D:8      | Noticed an unseen horror
 11183 | D:8      | Killed an unseen horror
 11184 | D:8      | Reached skill level 10 in Poison Magic
 11250 | D:8      | Found a shimmering blue altar of Sif Muna.
 11468 | D:8      | Noticed Grum
 11485 | D:8      | Killed Grum
 11584 | D:8      | Reached * piety under Vehumet
 11584 | D:8      | Offered knowledge of Freeze by Vehumet.
 11638 | D:8      | Found a staircase to the Lair.
 11677 | D:8      | Found a white marble altar of Elyvilon.
 11710 | D:8      | Reached skill level 11 in Poison Magic
 12018 | D:8      | Found a broken altar of Ashenzari.
 12133 | D:8      | Noticed a two-headed ogre
 12161 | D:8      | Killed a two-headed ogre
 12232 | Lair:1   | Entered Level 1 of the Lair of Beasts
 12523 | Lair:1   | Reached XP level 11. HP: 14/75 MP: 17/20
 12900 | Lair:1   | Noticed a six-headed hydra
 13119 | D:8      | HP: 2/75 [six-headed hydra (12)]
 13119 | D:8      | Mangled by a six-headed hydra

Illustrated notes

Levels and vault maps discovered:
D:1:      minmay_arrival_diagonal_passages, layout_basic,
          hellmonk_ecumenical_altar_run_dry
D:2:      layout_basic
D:3:      layout_basic
D:4:      layout_basic, mainiacjoe_overflow_brackets, minmay_stone_trees_medium,
          uniq_robin
D:5:      layout_rooms, mainiacjoe_overflow_small_starburst, serial_bayou,
          serial_bayou_pond_d, serial_bayou_pond_e, serial_bayou_lagoon_a,
          serial_bayou_pond_a, serial_bayou_pond_e, serial_bayou_pond_e,
          uniq_eustachio, uniq_pikel
D:6:      kennysheep_six_static_rooms, layout_basic, mainiacjoe_overflow_paths,
          grunt_dithmenos_smoke, nicolae_uskayaw_suspiria, fiery_altar_vehumet
D:7:      layout_cave_pods, kennysheep_mini, minmay_temple_entry_gardened_gates,
          kennysheep_flooded_box
D:8:      layout_basic, ashenzari_conservatory_becter,
          mainiacjoe_overflow_tiny_flanked, elyvilon_altar_4, dpeg_oklobed_lair,
          uniq_grum
Lair:1:   layout_loops_ring, grunt_megastairs_3, uniq_harold

Skill      XL: |  1  2  3  4  5  6  7  8  9 10 |
---------------+-------------------------------+-----
Dodging        | 2 3 |  3.0
Transmutations | 2 3 4 7 9 |  9.5
Stealth        | 3 |  3.0
Poison Magic   | 5 6 7 9 11 | 11.9
Short Blades   | 2 |  2.0
Spellcasting   | 3 4 6 |  6.3
Fighting       | 3 |  3.0
Axes           | 4 6 |  6.0
Armour         | 2 3 |  3.0

Action                   |  1- 3 |  4- 6 |  7- 9 | 10-12 || total
-------------------------+-------+-------+-------+-------++-------
Melee: Unarmed           |    43 |     5 |       |       ||    48
       Punch             |     1 |     1 |     4 |       ||     6
       Short sword       |       |    13 |     5 |       ||    18
       Dagger            |       |    16 |     7 |       ||    23
       Hand axe          |       |       |   104 |    56 ||   160
 Cast: Sting             |    63 |   124 |    57 |    50 ||   294
       Olgreb's Toxic Ra |       |     3 |    17 |    25 ||    45
       Poisonous Vapours |       |       |    11 |       ||    11
Evoke: Wand              |       |       |    11 |     9 ||    20
  Use: Potion            |     1 |     1 |     1 |     1 ||     4
       Scroll            |       |     2 |       |       ||     2
 Stab: Sleeping          |       |       |     2 |       ||     2
Armor: Robe              |    10 |       |       |    37 ||    47
       Leather armour    |    17 |    28 |    68 |       ||   113
Dodge: Dodged            |    58 |    83 |   114 |    68 ||   323
